 Dungeon Crawl Stone Soup version 0.21-a0-509-gecc5317 (webtiles) character file.

4 BingusPrime the Ruffian (level 1, -4/17 HPs)
             Began as a Ghoul Gladiator on Nov 28, 2017.
             Slain by a gnoll
             ... wielding a +0 halberd
              (10 damage)
             ... on level 1 of the Dungeon.
             The game lasted 00:00:42 (164 turns).

BingusPrime the Ruffian (Ghoul Gladiator)            Turns: 164, Time: 00:00:43

Health: -4/17      AC:  4    Str: 17    XL:     1   Next: 60%
Magic:  0/0        EV: 12    Int:  3    God:
Gold:   10         SH:  0    Dex: 10    Spells: 0/0 levels left

rFire    . . .     SeeInvis .     - Unarmed
rCold    + . .     Gourm    .   (no shield)
rNeg     + + +     Faith    .   a - +0 leather armour
rPois    ∞         Spirit   .   b - +0 helmet
rElec    .         Reflect  .   (no cloak)
rCorr    .         Harm     .   (no gloves)
MR       .....                  (no boots)
Stlth    +.........             e - amulet of inaccuracy (curse)
HPRegen  0.00/turn              (no ring)
MPRegen  0.07/turn              (no ring)

@: rotting
A: rotting body, claws 1, carnivore 3, cold resistance 1, negative energy
resistance 3, inhibited regeneration, torment resistance, unbreathing
a: no special abilities


You were on level 1 of the Dungeon.
You were not hungry.

You visited 1 branch of the dungeon, and saw 1 of its levels.

You collected 10 gold pieces.

Inventory:

Missiles
 c - 3 throwing nets (quivered)
Armour
 a - a +0 leather armour (worn)
 b - a +0 helmet (worn)
Jewellery
 e - a cursed amulet of inaccuracy (around neck)
Comestibles
 d - a meat ration
 f - a chunk of flesh


   Skills:
 + Level 2.1 Fighting
 + Level 1.7 Throwing
 + Level 0.3 Armour
 + Level 2.8 Dodging
 + Level 3.4 Unarmed Combat


You couldn't memorise any spells.
You didn't know any spells.

Dungeon Overview and Level Annotations

Branches:
Dungeon (1/15)

Altars:


Innate Abilities, Weirdness & Mutations

Your body is rotting away.
You thrive on raw meat.
You are immune to poison.
You have sharp fingernails.
You are carnivorous and can eat meat at any time.
Your flesh is cold resistant. (rC+)
You are immune to negative energy. (rN+++)
You do not regenerate when monsters are visible.
You are immune to unholy pain and torment.
You can survive without breathing.


Message History

You scratch the gnoll.
The gnoll is moderately wounded.
The gnoll barely misses you.
You miss the gnoll.
The gnoll is moderately wounded.
The gnoll hits you but does no damage.
An ooze and a dart slug come into view.
You closely miss the gnoll.
The gnoll is moderately wounded.
The ooze moves out of view.
The rat bites you. The gnoll hits you with a halberd!
Ouch! That really hurt!
You scratch the gnoll.
The gnoll is heavily wounded.
The rat barely misses you.
You scratch the gnoll.
The gnoll is heavily wounded.
The gnoll hits you with a halberd!
Ouch! That really hurt!
You die...

... .##..... ..#. ..........
..... .........##.....
##########...... ..... .
.#...#.#.#....# J..#...
...#...#......#+#r......
.#.#.#...#......@g....w.
.#.#.#...#...#..........
...#...#.....$...#$.#...
.#...#.#.#..............
##########..............
........................
............###########.
.........###################
.........
#.............#####


You could see a gnoll, an ooze, a dart slug and a rat.

Vanquished Creatures
  A giant cockroach (D:1)
  2 goblins (D:1)
3 creatures vanquished.

Notes
Turn   | Place    | Note
-------+----------+-------------------------------------------
     0 | D:1      | BingusPrime the Ghoul Gladiator began the quest for the Orb.
     0 | D:1      | Reached XP level 1. HP: 17/17 MP: 0/0
   164 | D:1      | Slain by a gnoll

Vault maps used:
D:1:      dpeg_arrival_water_temple_mockup, minmay_misc_feat_alley, minivault_4

Action                   || total
-------------------------++-------
Melee: Unarmed           ||    13
  Eat: Chunk             ||     2
Armor: Leather armour    ||     1
Dodge: Dodged            ||     6

Table legend:
 A = Spawn XP
 B = Non-spawn XP
 C = Spawn XP percentage of total XP
 D = Spawn monster count
 E = Non-spawn monster count
 F = Spawn count percentage of total count
 G = Total turns spent on level
                    A         B        C        D         E        F      G
               +---------+---------+-------+---------+---------+-------+---------
         Total |       0 |       6 |   0.0 |       0 |       3 |   0.0 |   164
               +---------+---------+-------+---------+---------+-------+---------
           D:1 |       0 |       6 |   0.0 |       0 |       3 |   0.0 |   164
               +---------+---------+-------+---------+---------+-------+---------
